 Adventure DCSS version bcrawl-1.21.2-28-g2cb1824106 (webtiles) character file.

Game seed: 18030520148359526170

338 galech the Chopper (level 6, 48/48 HPs)
             Began as a Demonspawn Fighter on Mar 11, 2020.
             Quit the game on level 4 of the Dungeon.
             The game lasted 00:04:32 (4344 turns).

galech the Chopper (Demonspawn Fighter)             Turns: 4344, Time: 00:04:32

Health: 48/48      AC: 13    Str: 17    XL:     6   Next: 29%
Magic:  6/6        EV:  8    Int:  9    God:
Gold:   329        SH:  9    Dex: 14    Spells: 5/5 levels left
                                        Lives:  1   Deaths: 1

rFire    . . .     SeeInvis .   a - +0 war axe
rCold    . . .     Gourm    .   c - +0 medium shield
rNeg     + . .     Faith    .   b - +0 scale mail
rPois    .         Spirit   +   (helmet restricted)
rElec    .         Reflect  .   f - +2 cloak
rCorr    .         Harm     .   g - +0 pair of gloves
MR       .....                  (no boots)
Stlth    ..........             (no amulet)
HPRegen  0.16/turn              p - ring of positive energy
MPRegen  0.20/turn              (no ring)

@: no status effects
A: antennae 1, slimy green scales 1, magic shield, magic regeneration
a: no special abilities


You were on level 4 of the Dungeon.
You were not hungry.

You visited 1 branch of the dungeon, and saw 4 of its levels.
You also visited: Sewer.

You collected 329 gold pieces.

Inventory:

Hand Weapons
 a - a +0 war axe (weapon)
Armour
 b - a +0 scale mail (worn)
 c - a +0 medium shield (worn)
 f - a +2 cloak (worn)
 g - a +0 pair of gloves (worn)
Jewellery
 p - a ring of positive energy (left hand)
Scrolls
 k - 3 scrolls of teleportation
 l - 4 scrolls of remove curse
 o - a scroll of blinking {unknown}
 q - a scroll of enchant armour
Potions
 d - a potion of mutation {unknown}
 h - 6 potions of curing {unknown}
 i - 4 potions of heal wounds {unknown}
 j - a potion of ambrosia {unknown}
 m - a potion of haste {unknown}
 r - 4 potions of flight {unknown}
 s - 4 potions of agility {unknown}
 t - a potion of berserk rage {unknown}
Comestibles
 e - 7 rations {!d}
 n - a chunk of flesh


   Skills:
 + Level 3.9 Fighting
 + Level 5.2 Axes
 + Level 3.7 Armour
 + Level 1.9 Dodging
 + Level 0.2 Stealth
 + Level 4.1 Shields


You had 5 spell levels left.
You didn't know any spells.
Your spell library was empty.

Dungeon Overview and Level Annotations

Branches:
Dungeon (4/12)
 Temple: D:4-7

Altars:


Innate Abilities, Weirdness & Mutations

You have a pair of small antennae on your head.
You are partially covered in slimy green scales. (AC +2)
When hurt, damage is shared between your health and your magic reserves.
You regenerate magic rapidly.


Message History

The orc priest is moderately wounded.
You hit the orc priest. You closely miss the orc.
The orc hits you with a +0 club.
* * * LOW HITPOINT WARNING * * *
You block the orc priest's attack.
The orc priest hits you but does no damage.
You closely miss the orc priest.
The orc priest is moderately wounded.
You hit the orc priest. You hit the orc.
The orc priest hits you but does no damage.
You block the orc's attack.
The orc priest calls down the wrath of Beogh upon you.
Beogh smites you!
You die...
Xom reaches out...
You are now level 6!
You rejoin the land of the living...
Found a scroll of identify.
Unknown command.
Are you sure you want to abandon this character and quit the game? (Confirm with "yes".)

**** *,,**** ,,,,,,* #*******
**,**** #.,,,,,*
,,,,********#.##**,*
,,,,,,,*,,,,,...**,# *********
,,,,**,**######.##.# *,,,,,,,,
,,,,,,,,,.......@.?# *,,,,,,,,
,,,,**,**######.#### *,,,,,,,,
,,****,* #.* *******+*
,,,,,,,*******#.***************,*
,,,,,,,,,,,,,,..,,,,,,,..,,,,>*,*
+*************..*****,*#.##****,*
,,,,,,,,,* #..,,........# *,*
,,,,,,,,,* #..,,..#.##..# *,*
,,,,,,,,,* *..**#.#.##..# *,*


There were no monsters in sight!

Vanquished Creatures
  4 big kobolds (Sewer)
  A howler monkey (D:2)
  An orc priest (D:3)
  An orc wizard (D:4)
  A worker ant (D:3)
  5 adders
  3 gnolls
  4 river rats (D:4)
  An ooze (Sewer)
  An adder skeleton (D:4)
  7 worms
  2 dart slugs
  5 leopard geckos
  11 orcs
  4 giant cockroaches
  12 goblins
  7 hobgoblins
  5 jackals
  19 kobolds
  3 quokkas
  A ball python (Sewer)
  6 bats
  9 frilled lizards
  6 rats
119 creatures vanquished.

Vanquished Creatures (others)
  A leopard gecko (D:4)
1 creature vanquished.

Grand Total: 120 creatures vanquished

Notes
Turn   | Place    | Note
-------+----------+-------------------------------------------
     0 | D:1      | galech the Demonspawn Fighter began the quest for the Orb.
     0 | D:1      | Reached XP level 1. HP: 18/18 MP: 1/1
   122 | D:1      | Gained mutation: When hurt, damage is shared between your
                  | health and your magic reserves. [demonic ancestry]
   122 | D:1      | Reached XP level 2. HP: 14/24 MP: 2/2
   259 | D:1      | Reached skill level 2 in Axes
  1014 | D:2      | Gained mutation: You are partially covered in slimy green
                  | scales. (AC +2) [demonic ancestry]
  1014 | D:2      | Reached XP level 3. HP: 12/29 MP: 1/3
  1045 | D:2      | Reached skill level 1 in Dodging
  1045 | D:2      | Gained mutation: You regenerate magic rapidly. [demonic
                  | ancestry]
  1045 | D:2      | Reached XP level 4. HP: 3/35 MP: 0/4
  1518 | D:2      | Reached skill level 3 in Axes
  2173 | D:3      | Gained mutation: You have a pair of small antennae on your
                  | head. [demonic ancestry]
  2173 | D:3      | Reached XP level 5. HP: 30/41 MP: 3/5
  3048 | D:4      | Reached skill level 4 in Axes
  3048 | D:4      | Reached XP level 6. HP: 5/47 MP: 2/6
  3286 | D:4      | Found a glowing drain.
  3329 | Sewer    | Entered a sewer
  3757 | Sewer    | Reached skill level 5 in Axes
  3757 | Sewer    | Reached XP level 7. HP: 49/53 MP: 5/7
  4343 | D:4      | Killed from afar by an orc priest
  4344 | D:4      | Reached XP level 6. HP: -1/48 MP: 0/6
  4344 | D:4      | Quit the game

Skill      XL: |  1  2  3  4  5  6  7 |
---------------+----------------------+-----
Axes           | 2 3 4 5 |  5.2
Shields        | 3 4 |  4.1
Armour         | 3 |  3.7
Dodging        | 1 |  1.9
Fighting       | |  3.9
Stealth        | |  0.2

Action                   |  1- 3 |  4- 6 |  7- 9 || total
-------------------------+-------+-------+-------++-------
Melee: War axe           |    97 |   299 |    65 ||   461
  Use: Potion            |       |     1 |       ||     1
       Scroll            |       |     4 |       ||     4
  Eat: Chunk             |       |    10 |     2 ||    12
Armor: Scale mail        |    46 |   167 |    36 ||   249
Dodge: Dodged            |    21 |    95 |    23 ||   139
Block: Medium shield     |    51 |   155 |    44 ||   250
